AoeStats
← Maxtol

Four Lakes

508418818Analyzed
1v1 RM · 10d ago on Sep 22, 2026· 21m 55s· 2 players
Game mode
Random Map
Map size
Tiny (2 player)
Population
200
Speed
Normal
Resources
Standard
Victory
Conquest
Starting age
Dark Age
Ending age
Imperial Age
RankedLock teamsTeams togetherTeam positionsShared explorationLock speedFull tech treeHidden civsTurbo modeCheats
Victory
Defeat
🇩🇪 Mongols · Germany
612
+19
🇫🇷 Cumans · France
677
-19
Maxtol
5:30 Loom
11:12 Feudal Age
13:14 Double-Bit Axe
16:38 Gold Mining
17:30 Wheelbarrow
16:46 Town Watch
20:25 Castle Age
18:28 Stone Mining
Julius
11:19 Feudal Age
12:44 Double-Bit Axe
13:54 Bloodlines
15:35 Gold Mining
15:50 Fishing Lines
16:44 Scale Barding Armor
19:06 Horse Collar
24:11 Castle Age
Connection lost

Rejoining the realm…

Still unreachable

The connection could not be restored.

Session expired

The server has moved on; the page needs a fresh start.